 Dungeon Crawl Stone Soup version 0.30-a0-591-g3c58d2bc28 (webtiles) character file.

Game seed: 7104893976100173285

2314 oldmanjim the Thaumaturge (level 9, 0/57 HPs)
             Began as a Djinni Earth Elementalist on Jan 6, 2023.
             Was an Initiate of Makhleb.
             Slain by an ice devil (31 damage)
             ... on level 7 of the Dungeon.
             The game lasted 00:34:32 (7240 turns).

oldmanjim the Thaumaturge (DjEE)                    Turns: 7240, Time: 00:34:33

Health: 0/57       AC:  5    Str: 14    XL:     9   Next: 68%
Gold:   1633       EV: 18    Int: 26    God:    Makhleb [......] SH:  7 Dex: 20

rFire   + + .      SeeInvis .    a - +8 dagger of Zin, Hungering {heavy, Will+ Int+6 Dex+3 Stlth-}
rCold   x . .      Faith    .    c - +1 buckler
rNeg    . . .      Spirit   .    e - +0 robe
rPois   ∞          Reflect  .    q - +2 hat "Oroduu" {Str+7 Dex+2}
rElec   .          Harm     .    (no cloak)
rCorr   .          Rampage  .    b - +0 pair of gloves
Will    +....                    (boots unavailable)
Stlth   ++                       (no amulet)
HPRegen 0.29/turn                y - +5 ring of evasion
MPRegen 0.00/turn                (no ring)

@: flying, studying 2 skills
A: sickness immunity, fire resistance 2, cold vulnerability 1, float, innate
caster, HP casting, extra vitality 1
a: Renounce Religion


You were on level 7 of the Dungeon.
You worshipped Makhleb.
Makhleb was noncommittal.
You visited 2 branches of the dungeon, and saw 8 of its levels.

You collected 1643 gold pieces.
You spent 10 gold pieces at shops.

Inventory:

Hand Weapons
 a - the +8 dagger of Zin, Hungering (weapon) {heavy, Will+ Int+6 Dex+3 Stlth-}
   (You found it on level 6 of the Dungeon)

   Int:       It affects your intelligence (+6).
   Dex:       It affects your dexterity (+3).
   Will:      It increases your willpower.
   Stlth:     It makes you less stealthy.
 l - a +3 short sword of freezing
Missiles
 h - 46 stones
 m - 7 boomerangs
 x - 5 poisoned darts
Armour
 b - a +0 pair of gloves (worn)
 c - a +1 buckler (worn)
 e - a +0 robe (worn)
 q - the +2 hat "Oroduu" (worn) {Str+7 Dex+2}
   (You acquired it on level 6 of the Dungeon)

   Str:       It affects your strength (+7).
   Dex:       It affects your dexterity (+2).
Jewellery
 y - a +5 ring of evasion (left hand)
Wands
 B - a wand of light (8)
 D - a wand of flame (18)
 E - a wand of roots (6)
Scrolls
 d - 4 scrolls of enchant weapon
 f - 2 scrolls of immolation {unknown}
 g - a scroll of teleportation {unknown}
 j - a scroll of silence {unknown}
 k - a scroll of identify
 o - a scroll of torment {unknown}
 t - 3 scrolls of enchant armour
 u - a scroll of fog {unknown}
 v - a scroll of vulnerability {unknown}
 A - 2 scrolls of fear {unknown}
 C - 2 scrolls of blinking {unknown}
 F - 3 scrolls of noise {unknown}
Potions
 i - a potion of attraction {unknown}
 n - a potion of berserk rage {unknown}
 p - 2 potions of mutation
 r - a potion of ambrosia {unknown}
 s - a potion of curing {unknown}
 w - 3 potions of heal wounds
 z - 2 potions of lignification


   Skills:
 + Level 1.4 Fighting
 + Level 3.5 Dodging
 + Level 2.9 Stealth
 - Level 5.0 Shields
 + Level 8.6 Spellcasting


You had 6 spell levels left.
You knew the following spells:

 Your Spells              Type           Power      Damage    Failure   Level
a - Sandblast             Erth           100%       2d20      1%          1
b - Passwall              Tmut/Erth      45%        N/A       1%          2
c - Stone Arrow           Conj/Erth      100%       3d13      1%          3
d - Petrify               Tmut/Erth      54%        N/A       1%          4
e - Summon Small Mammal   Summ           100%       N/A       1%          1
f - Wereblood             Tmut           54%        N/A       1%          2
g - Mephitic Cloud        Conj/Pois/Air  54%        N/A       1%          3
h - Ozocubu's Armour      Ice            54%        N/A       1%          3
Your spell library was empty.

Dungeon Overview and Level Annotations

Branches:
Dungeon (7/15)             Temple (1/1) D:4

Altars:
Cheibriados
Dithmenos
Elyvilon
Fedhas
Gozag
Hepliaklqana
Makhleb
Nemelex Xobeh
Okawaru
Ru
Trog
Uskayaw
Xom
Yredelemnul
Zin
The Shining One

Shops:
D:6 *   D:7 [


Innate Abilities, Weirdness & Mutations

You are immune to sickness and miasma.
You are immune to poison.
Your flesh is very heat resistant. (rF++)
You are vulnerable to cold. (rC-)
You float through the air rather than walking.
You learn spells naturally, not from books.
Your magical power is your life essence.
You have superior vitality. (+4 MHP)


Message History

Something shouts, "Fly, thou loggerheaded mumble-news bootlicker!"
You hear a shout!
A white imp comes into view.
Casting: Stone Arrow (safe; 1% risk of failure)
Confirm with . or Enter, or press ? or * to list all spells.
Aiming: Stone Arrow (safe; 1% risk of failure)
Press: ? - help, Shift-Dir - straight line, f - white imp
Aim: a white imp (78% to hit)
The stone arrow hits the white imp!
You kill the white imp!
Makhleb accepts your kill.
Casting: Stone Arrow (safe; 1% risk of failure)
Confirm with . or Enter, or press ? or * to list all spells.
Aiming: Petrify (dangerous; 1% risk of failure)
Press: ? - help, Shift-Dir - straight line, f - ice devil
Aim: an ice devil (chance to affect: 23%)
The ice devil resists with almost no effort.
Casting: Petrify (dangerous; 1% risk of failure)
Confirm with . or Enter, or press ? or * to list all spells.
Aiming: Petrify (dangerous; 1% risk of failure)
Press: ? - help, Shift-Dir - straight line, f/p - ice devil
Aim: an ice devil (chance to affect: 23%)
The ice devil resists with almost no effort.
Casting: Petrify (dangerous; 1% risk of failure)
Confirm with . or Enter, or press ? or * to list all spells.
Aiming: Stone Arrow (safe; 1% risk of failure)
Press: ? - help, Shift-Dir - straight line, f/p - ice devil
Aim: an ice devil (78% to hit)
The stone arrow hits the ice devil!!
The ice devil is severely wounded.
Casting: Stone Arrow (safe; 1% risk of failure)
Confirm with . or Enter, or press ? or * to list all spells.
Aiming: Stone Arrow (safe; 1% risk of failure)
Press: ? - help, Shift-Dir - straight line, f/p - ice devil
Aim: an ice devil (severely wounded, 78% to hit)
The stone arrow hits the ice devil.
The ice devil is severely wounded.
The ice devil hits you. The ice devil freezes you!!
You feel a terrible chill!
Ouch! That really hurt!
You die...

###########
#######.@4......#
#.......####''''#
#########.#######
........#
.........##
....$..$..
###########
..#5~#.....
#.....#
#..~##~~#..#
#####.##### #..~
##4..# ......# #.
# ~..# .######


You could see an ice devil.

Vanquished Creatures
  Maggie (D:6)
  Eustachio (D:6)
  Menkaure (D:6)
  Duvessa (D:5)
  A sky beast (D:6)
  2 water moccasins
  A black bear (D:5)
  A phantom (D:6)
  A gnoll sergeant (D:7)
  2 bullfrogs
  4 scorpions
  Dowan (D:5)
  A howler monkey (D:3)
  A crimson imp (D:6)
  7 hounds
  A gnoll bouda (D:6)
  A jelly (D:4)
  2 iguanas (D:5)
  Natasha (thrice) (D:4)
  An orc wizard (D:5)
  8 gnolls
  3 adders
  2 white imps (D:7)
  3 worms
  4 dart slugs
  23 orcs
  7 ball pythons
  7 endoplasms
  5 giant cockroaches
  13 goblins
  7 hobgoblins
  2 jackals (D:5)
  6 quokkas
  5 bats
  7 kobolds
  6 rats
142 creatures vanquished.

Vanquished Creatures (collateral kills)
  A ball python (D:2)
  An endoplasm (D:2)
2 creatures vanquished.

Grand Total: 144 creatures vanquished

Notes
Turn   | Place    | Note
-------+----------+-------------------------------------------
     0 | D:1      | oldmanjim the Djinni Earth Elementalist began the quest for
                  | the Orb.
     0 | D:1      | oldmanjim set off with the following spells memorised:
                  | Sandblast, Passwall, Stone Arrow, Petrify.
     0 | D:1      | Reached XP level 1. HP: 15/15 MP: 0/0
    34 | D:1      | Reached XP level 2. HP: 11/21 MP: 0/0
   379 | D:1      | Reached XP level 3. HP: 24/25 MP: 0/0
   379 | D:1      | Learned a level 1 spell: Summon Small Mammal
   423 | D:1      | Reached skill level 1 in Shields
   856 | D:2      | Found a white marble altar of Elyvilon.
   863 | D:2      | Reached XP level 4. HP: 29/31 MP: 0/0
  1020 | D:2      | Reached skill level 3 in Spellcasting
  1309 | D:3      | Found a snail-covered altar of Cheibriados.
  1312 | D:3      | Found a sparkling altar of Nemelex Xobeh.
  1313 | D:3      | Found a hide-covered altar of Uskayaw.
  1414 | D:3      | Found a glowing silver altar of Zin.
  1449 | D:3      | Found a glowing golden altar of the Shining One.
  1452 | D:3      | Found a blossoming altar of Fedhas.
  1664 | D:3      | Reached XP level 5. HP: 22/35 MP: 0/0
  1664 | D:3      | Learned a level 2 spell: Wereblood
  1767 | D:3      | Found a white marble altar of Elyvilon.
  1902 | D:4      | Reached XP level 6. HP: 25/40 MP: 0/0
  1986 | D:4      | Found a staircase to the Ecumenical Temple.
  1998 | Temple   | Entered the Ecumenical Temple
  2877 | D:4      | Noticed Natasha
  2886 | D:4      | Killed Natasha
  3126 | D:4      | Noticed Natasha
  3127 | D:4      | Killed Natasha
  3128 | D:4      | Reached skill level 4 in Spellcasting
  3314 | D:4      | Noticed Natasha
  3316 | D:4      | Killed Natasha
  3639 | D:4      | Found a staircase to the Ecumenical Temple.
  3908 | D:5      | Entered Level 5 of the Dungeon
  3929 | D:5      | Noticed a black bear
  3932 | D:5      | Killed a black bear
  3933 | D:5      | Reached XP level 7. HP: 39/45 MP: 0/0
  3933 | D:5      | Learned a level 3 spell: Mephitic Cloud
  4403 | D:5      | Noticed Dowan
  4405 | D:5      | Noticed Duvessa
  4411 | D:5      | Killed Duvessa
  4412 | D:5      | Reached skill level 5 in Shields
  4412 | D:5      | Reached skill level 5 in Spellcasting
  4418 | D:5      | Reached XP level 8. HP: 19/50 MP: 0/0
  4435 | D:5      | Killed Dowan
  5140 | D:5      | Reached skill level 6 in Spellcasting
  5249 | D:6      | Noticed Eustachio
  5257 | D:6      | Killed Eustachio
  5434 | D:6      | Noticed Maggie
  5440 | D:6      | Killed Maggie
  5441 | D:6      | Reached skill level 7 in Spellcasting
  5441 | D:6      | Reached XP level 9. HP: 26/55 MP: 0/0
  5441 | D:6      | Learned a level 3 spell: Ozocubu's Armour
  5583 | D:6      | Found a burning altar of Makhleb.
  5593 | D:6      | Became a worshipper of Makhleb the Destroyer
  5980 | D:6      | Noticed Menkaure
  6145 | D:6      | Identified the +8 dagger of Zin, Hungering {heavy, Will+
                  | Int+6 Dex+3 Stlth-}
  6185 | D:6      | Found a faded altar of an unknown god.
  6187 | D:6      | Found a hazy altar of Hepliaklqana.
  6187 | D:6      | Found a faded altar of an unknown god.
  6263 | D:6      | Reached skill level 8 in Spellcasting
  6414 | D:6      | Found Ygil's General Store.
  6434 | D:6      | Bought a potion of degeneration for 10 gold pieces
  6463 | D:6      | Identified 3 scrolls of acquirement
  6464 | D:6      | Acquired 1269 gold pieces
  6465 | D:6      | Acquired the +2 hat "Oroduu" {Str+7 Dex+2}
  6466 | D:6      | Acquired a manual of Spellcasting
  6514 | D:6      | Killed Menkaure
  6857 | D:7      | Reached skill level 1 in Fighting
  7037 | D:7      | Found Quvael's Antique Armour Shoppe.
  7228 | D:7      | Noticed an ice devil
  7240 | D:7      | Slain by an ice devil

Illustrated notes

Levels and vault maps discovered:
D:1:      minmay_arrival_five_plusses, layout_rooms, minmay_bisected
D:2:      layout_basic, basic_altar, serial_bayou_pond_a
D:3:      layout_rooms, good_gods_mini_temple, kennysheep_slug_shrine,
          mainiacjoe_overflow_boulevard, gammafunk_temple_overflow_forgotten
D:4:      layout_loops_corners, minmay_temple_entry_glass, serial_glass,
          glass_columns_b, glass_columns_a, feat_on_display, item_on_display_a,
          minmay_manual_mandibuliform, uniq_natasha
D:5:      nicolae_cairo_tiling_large, layout_basic, grunt_ministairs_8,
          uniq_duvessa
D:6:      layout_loops_ring, makhleb_grotto_becter,
          nicolae_hepliaklqana_ecumenical_no_more, serial_shops,
          nicolae_shop_competitors_out_of_business, uniq_menkaure,
          uniq_eustachio, uniq_maggie
D:7:      layout_loops_ring, serial_shops, kennysheep_little_box,
          hellmonk_guarded_unrand_frostbite
Temple:   nicolae_temple_bog_church

Skill      XL: |  1  2  3  4  5  6  7  8  9 |
---------------+----------------------------+-----
Dodging        | 3 |  3.5
Shields        | 1 2 3 4 5 |  5.0
Spellcasting   | 3 4 5 7 8 |  8.6
Stealth        | 2 |  2.9
Fighting       | 1 |  1.4

Action                   |  1- 3 |  4- 6 |  7- 9 || total
-------------------------+-------+-------+-------++-------
Melee: Dagger            |    46 |    16 |    36 ||    98
       Punch             |     1 |       |       ||     1
 Cast: Sandblast         |    33 |    52 |    14 ||    99
       Summon Small Mamm |     1 |       |       ||     1
       Stone Arrow       |       |    18 |    78 ||    96
       Petrify           |       |       |     2 ||     2
  Use: Scroll            |       |       |     9 ||     9
 Stab: Sleeping          |     1 |       |       ||     1
Armor: Robe              |    17 |     1 |     2 ||    20
Dodge: Dodged            |    35 |    26 |    44 ||   105
Block: Buckler           |       |       |    14 ||    14

Table legend: (Time is in decaauts)
 A = Elapsed time spent in this place.
 B = Non-inter-level travel time spent in this place.
 C = Inter-level travel time spent in this place.
 D = Time resting spent in this place.
 E = Time spent auto-exploring this place.
 F = Levels seen in this place.
 G = Mean time per level.
                   A        B        C        D        E       F      G
               +--------+--------+--------+--------+--------+-----+--------+
         Total |   7298 |   7073 |    225 |    436 |   5691 |   8 |  912.2 |
       Dungeon |   7087 |   6881 |    206 |    436 |   5508 |   7 | 1012.4 |
        Temple |    210 |    191 |     19 |      0 |    183 |   1 |  210.0 |
               +--------+--------+--------+--------+--------+-----+--------+

Top non-repeatable levels by time:
     D:4: 1810 daAuts
     D:5: 1493 daAuts
     D:6: 1445 daAuts
     D:1: 667 daAuts
     D:2: 659 daAuts
     D:3: 608 daAuts
     D:7: 402 daAuts
  Temple: 210 daAuts
